 Dungeon Crawl Stone Soup version 0.20.1-1-g8b1a95d (webtiles) character file.

429 Djon the Spear-Bearer (level 6, 0/52 HPs)
             Began as a Merfolk Gladiator on May 13, 2018.
             Slain by an iguana (11 damage)
             ... on level 4 of the Dungeon.
             The game lasted 00:04:34 (3392 turns).

Djon the Spear-Bearer (Merfolk Gladiator)           Turns: 3392, Time: 00:04:35

Health: 0/52       AC:  6    Str: 16    XL:     6   Next: 98%
Magic:  6/6        EV: 13    Int:  7    God:
Gold:   139        SH:  0    Dex: 16    Spells: 5/5 levels left

rFire    . . .     SeeInvis .   a - +0 trident
rCold    . . .     Gourm    .   (no shield)
rNeg     . . .     Faith    .   r - +0 ring mail
rPois    +         Spirit   .   q - +0 helmet
rElec    .         Reflect  .   (no cloak)
rCorr    .         Harm     .   (no gloves)
MR       .....                  (no boots)
Stlth    +.........             (no amulet)
Regen    0.2/turn               m - ring of poison resistance
MPRegen  0.1/turn               (no ring)

@: no status effects
A: change form in water, swift swim, stealthy swim
a: no special abilities


You were on level 4 of the Dungeon.
You were not hungry.

You visited 1 branch of the dungeon, and saw 4 of its levels.

You collected 139 gold pieces.

Inventory:

Hand Weapons
 a - a +0 trident (weapon)
Missiles
 d - 3 throwing nets (quivered)
Armour
 b - a +0 leather armour
 c - a +0 helmet
 q - a +0 helmet (worn)
 r - a +0 ring mail (worn)
Jewellery
 m - a ring of poison resistance (left hand)
Wands
 o - a wand of random effects (19/48)
 p - a wand of confusion (30/48)
Scrolls
 e - a scroll of amnesia {unknown}
 h - a scroll of remove curse {unknown}
 j - a scroll of enchant armour {unknown}
 k - 6 scrolls of identify {unknown}
 l - a scroll of magic mapping {unknown}
 t - a scroll of fog {unknown}
Potions
 g - a potion of heal wounds {unknown}
 n - 2 potions of resistance {unknown}
 s - a potion of curing {unknown}
Comestibles
 f - 7 chunks of flesh
 i - 4 royal jellies


   Skills:
 + Level 5.8 Fighting
 + Level 8.2 Polearms
 - Level 2.0 Throwing
 - Level 4.0 Dodging


You had 5 spell levels left.
You didn't know any spells.

Dungeon Overview and Level Annotations

Branches:
Dungeon (4/15)
 Temple: D:4-7

Altars:
Elyvilon
Xom

Annotations:
D:4 mikbike's ghost, amateur OpTm


Message History

Mikbike's ghost (amateur Octopode Transmuter) comes into view.
The iguana hisses angrily.
Mikbike's ghost turns its malevolent gaze towards you.
A phantom comes into view.
Mikbike's ghost shouts, "What do you have that I didn't have?"
You closely miss the phantom. The phantom barely misses you.
You barely miss the phantom. The iguana barely misses you.
The phantom closely misses you.
You completely miss the phantom. The iguana bites you!
The phantom hits you but does no damage.
You are too injured to fight recklessly!
The phantom blinks!
You hit the iguana but do no damage. The iguana bites you!
* * * LOW HITPOINT WARNING * * *
You barely miss the iguana. The iguana completely misses you.
You hit the iguana but do no damage.
The iguana bites you but does no damage.
The iguana completely misses you. The iguana bites you!
You die...

#### ###.... ....# .#..#
##### .#..####
#...###### .......##.
###...#.....
.#..##.##.>##...@.......
.#.........##..l........
.#.###.W....#..W........
...###.#... ###.W.#.....
####......# #...###.##
#......######.## #
#.........WW..#
#......########
#.......##


You could see a phantom, an iguana and mikbike's ghost.

Vanquished Creatures
  An ogre (D:4)
  The ghost of Sabo the Bolt Thrower, an amateur MiHu (D:3)
  3 howler monkeys
  A bullfrog zombie (D:3)
  4 adders
  5 dart slugs
  4 worms
  3 leopard geckos
  An orc (D:3)
  3 bats (D:2)
  3 giant cockroaches (D:3)
  7 goblins
  4 hobgoblins
  2 quokkas
  2 frilled lizards (D:1)
  10 kobolds
  8 rats
62 creatures vanquished.

Notes
Turn   | Place    | Note
-------+----------+-------------------------------------------
     0 | D:1      | Djon the Merfolk Gladiator began the quest for the Orb.
     0 | D:1      | Reached XP level 1. HP: 16/16 MP: 1/1
    92 | D:1      | Reached XP level 2. HP: 15/23 MP: 2/2
   389 | D:1      | Reached skill level 5 in Polearms
   559 | D:2      | Reached XP level 3. HP: 22/29 MP: 3/3
   717 | D:2      | Found a shimmering altar of Xom.
   812 | D:2      | Reached XP level 4. HP: 33/37 MP: 4/4
  1148 | D:3      | Noticed Sabo's ghost (amateur MiHu)
  2047 | D:3      | HP: 1/37 [Sabo's ghost (8)]
  2311 | D:2      | Reached skill level 6 in Polearms
  2622 | D:2      | Reached XP level 5. HP: 41/43 MP: 5/5
  2659 | D:3      | Killed Sabo's ghost
  2659 | D:3      | Reached skill level 5 in Fighting
  2911 | D:3      | Reached skill level 7 in Polearms
  3000 | D:3      | Reached XP level 6. HP: 50/51 MP: 6/6
  3236 | D:3      | Found a white marble altar of Elyvilon.
  3322 | D:4      | Reached skill level 8 in Polearms
  3371 | D:4      | Noticed mikbike's ghost (amateur OpTm)
  3372 | D:4      | Noticed a phantom
  3392 | D:4      | Slain by an iguana

Skill      XL: |  1  2  3  4  5  6 |
---------------+-------------------+-----
Fighting       | 3 4 5 |  5.8
Polearms       | 5 6 7 8 |  8.2
Throwing       | |  2.0
Dodging        | |  4.0

Action                   |  1- 3 |  4- 6 || total
-------------------------+-------+-------++-------
Melee: Trident           |    98 |   200 ||   298
 Stab: Sleeping          |     1 |       ||     1
  Eat: Chunk             |       |     4 ||     4
       Bread ration      |       |     1 ||     1
Armor: Leather armour    |    21 |       ||    21
       Ring mail         |       |    48 ||    48
Dodge: Dodged            |    90 |    96 ||   186
